 Dungeon Crawl Stone Soup version 0.28-a0-932-g843f935a50 (webtiles) character file.

Game seed: 1630527617662983407

37406 AarnesTheHuman the Fighter (level 14, -13/114 HPs)
             Began as a Formicid Fighter on Nov 27, 2021.
             Was a Priest of Fedhas.
             Mangled by a minotaur (14 damage)
             ... in a Gauntlet.
             The game lasted 01:27:12 (24415 turns).

AarnesTheHuman the Fighter (Formicid Fighter)      Turns: 24415, Time: 01:27:13

Health: -13/114    AC: 21    Str: 26    XL:     14   Next: 28%
Magic:  12/21      EV:  8    Int: 10    God:    Fedhas [***...]
Gold:   1502       SH: 11    Dex: 11    Spells: 13/13 levels left

rFire   + + .      SeeInvis +   a - +1 lajatang (elec)
rCold   + + .      Faith    .   B - +1 kite shield
rNeg    . . .      Spirit   .   k - +3 chain mail {rC+}
rPois   .          Reflect  .   (helmet unavailable)
rElec   .          Harm     .   W - scarf {rC+ rF+}
rCorr   .          Rampage  +   m - +2 pair of gloves of Beogh's Generosity {rF+ Int+3}
Will    +....                   T - +2 pair of boots {rampage}
Stlth   ..........              Q - amulet of regeneration
HPRegen 1.09/turn               M - +4 ring of slaying
MPRegen 0.17/turn               x - ring of flight

@: lethally poisoned (-13 -> -17), flying
A: permanent stasis, dig shafts and tunnels, antennae 3, four strong arms
a: Dig, Renounce Religion, Wall of Briars, Grow Ballistomycete


You were in a Gauntlet.
You worshipped Fedhas.
Fedhas was most pleased with you.
You visited 3 branches of the dungeon, and saw 17 of its levels.
You also visited: Bailey, Gauntlet and Ice Cave.

You collected 1568 gold pieces.
You spent 66 gold pieces at shops.

Inventory:

Hand Weapons
 a - a +1 lajatang of electrocution (weapon)
 b - a +0 hand crossbow
 t - a +2 halberd of flaming
 Z - a +6 vorpal broad axe
Missiles
 c - 107 poisoned darts (quivered)
 j - 487 stones
 n - 53 sling bullets
 q - 51 boomerangs
 r - 25 bolts
 y - 4 boomerangs of dispersal
 A - a curare-tipped dart
 C - a throwing net
Armour
 k - a +3 chain mail of cold resistance (worn)
 m - the +2 pair of gloves of Beogh's Generosity (worn) {rF+ Int+3}
   (You found it in an ice cave)

   Int:       It affects your intelligence (+3).
   rF:        It protects you from fire.
 v - the +0 pair of gloves "Tic Wes" {Str+6}
   (You found it in a bailey)

   Str:       It affects your strength (+6).
 B - a +1 kite shield (worn)
 H - a +0 tower shield
 K - the +7 plate armour of the Armoured One {Harm rF+ rC- Str+3}
   (You found it on level 10 of the Dungeon)

   Str:       It affects your strength (+3).
   rF:        It protects you from fire.
   rC:        It makes you vulnerable to cold.
   Harm:      It increases damage dealt and taken.
 L - a scarf of shadows
 S - a scarf of invisibility
 T - a +2 pair of boots of rampaging (worn)
 W - a scarf of resistance (worn)
Magical Staves
 l - a staff of poison
 u - a staff of air
Jewellery
 x - a ring of flight (right hand)
 E - a ring of ice
 G - a +4 ring of evasion
 M - a +4 ring of slaying (left hand)
 Q - an amulet of regeneration (around neck)
 U - a +4 ring of evasion
 X - the amulet "Esomn" {Faith Str+2 Int+4}
   (You found it in a Gauntlet)

   [amulet of faith]

   It allows you to gain divine favour quickly.
   Str:       It affects your strength (+2).
   Int:       It affects your intelligence (+4).
 Y - the ring of Bafustriss {+Blink Int+6}
   (You found it in a Gauntlet)

   [ring of intelligence]

   Int:       It affects your intelligence (+6).
   +Blink:    It lets you blink.
Wands
 s - a wand of paralysis (5)
 I - a wand of iceblast (8)
 N - a wand of flame (21)
Scrolls
 o - a scroll of magic mapping
 w - a scroll of fog
 z - a scroll of fear
 J - 2 scrolls of holy word
 O - 4 scrolls of immolation
Potions
 d - 2 potions of might
 e - 4 potions of attraction
 f - a potion of magic
 g - 2 potions of ambrosia
 h - 4 potions of lignification
 p - 6 potions of curing
 D - 2 potions of cancellation
 F - 3 potions of flight
 R - 2 potions of brilliance
 V - a potion of resistance {unknown}
Miscellaneous
 P - a box of beasts


   Skills:
 + Level 11.7 Fighting
 - Level 7.2(10.2) Polearms
 * Level 11.2(12.1) Staves
 - Level 10.0 Crossbows
 + Level 10.5 Armour
 - Level 9.0 Shields
 - Level 10.0 Invocations


You had 13 spell levels left.
You didn't know any spells.
Your spell library contained the following spells:

 Spells                   Type           Power      Damage    Failure   Level
 Foxfire                  Conj/Fire      0%         2x1d4     87%         1
 Sandblast                Erth           0%         2d4       87%         1
 Sting                    Tmut/Pois      0%         1d3       87%         1
 Corpse Rot               Necr/Air       0%         N/A       95%         2
 Passwall                 Tmut/Erth      0%         N/A       95%         2
 Poisonous Vapours        Pois/Air       0%         N/A       95%         2
 Conjure Flame            Conj/Fire      0%         6-21      99%         3
 Ignite Poison            Fire/Tmut/Pois 0%         N/A       99%         3
 Inner Flame              Hex/Fire       0%         N/A       99%         3
 Stone Arrow              Conj/Erth      0%         3d7       99%         3
 Dispel Undead            Necr           0%         3d6       100%        4
 Flame Wave               Conj/Fire      0%         3d3       100%        4
 Olgreb's Toxic Radiance  Pois           0%         N/A       100%        4
 Sticky Flame             Conj/Fire      0%         2d3       100%        4
 Alistair's Intoxication  Tmut/Pois      0%         N/A       100%        5
 Borgnjor's Vile Clutch   Necr/Erth      0%         N/A       100%        5
 Fireball                 Conj/Fire      0%         3d3       100%        5
 Manifold Assault         Tloc           0%         N/A       100%        5
 Death Channel            Necr           0%         N/A       100%        6
 Eringya's Noxious Bog    Tmut/Pois      0%         N/A       100%        6
 Starburst                Conj/Fire      0%         6d3       100%        6
 Storm Form               Tmut/Air       0%         N/A       100%        7
 Ignition                 Fire           0%         3d3       100%        8
 Blink                    Tloc           Unusable   N/A       N/A         2

Dungeon Overview and Level Annotations

Branches:
Dungeon (12/15)            Temple (1/1) D:5            Lair (4/6) D:11
 Shoals (0/4) Lair:4       Spider (0/4) Lair:4          Orc (0/2) D:10
 Bailey (visited)           IceCv (visited)         Gauntlet (1/1)

Altars:
Ashenzari
Cheibriados
Dithmenos
Elyvilon
Fedhas
Gozag
Hepliaklqana
Kikubaaqudgha
Makhleb
Nemelex Xobeh
Okawaru
Qazlal
Ru
Sif Muna
Trog
Uskayaw
Vehumet
Wu Jian
Xom
Yredelemnul
Zin
The Shining One

Shops:
D:8 *

Annotations:
D:2 1 runed translucent door, Crazy Yiuf
D:11 exclusions: obsidian statue and orange crystal statue Gauntlet 6 transporters, 21 runed translucent doors


Innate Abilities, Weirdness & Mutations

You cannot be hasted, slowed, berserked, paralysed or teleported.
You can dig through walls and to a lower floor.
You have a pair of large antennae on your head. (SInv)
Your four strong arms can wield two-handed weapons with a shield.


Message History

You feel sick.
Fire: 25 bolts
Press: ? - help, Q - select action, (/) - cycle Shift-Dir - straight line, f - you
Okay, then.
Unknown command.
Okay, then.
Unknown command.
Unknown command.
Fire: 25 bolts
Press: ? - help, Q - select action, (/) - cycle Shift-Dir - straight line You can't see that place. [the floor.]
Okay, then.
Unknown command.
Unknown command.
You feel sick.
You feel sick.
Your tengu conjurer dies!
Your tengu conjurer's corpse dissolves into shadows!
You feel sick.
You are no longer poisoned.
Something hits your chaos spawn!!
Your chaos spawn looks as sick as possible!
Something gores your chaos spawn.
Your chaos spawn dies!
Your chaos spawn degenerates into a cloud of primal chaos!
You hear the crackle of electricity.
a - a +1 lajatang of electrocution (weapon)
The minotaur blocks your attack.
The minotaur is almost dead.
You block the minotaur's attack.
The minotaur gores you but does no damage.
The minotaur blocks your attack.
The minotaur is almost dead.
The minotaur hits you with a +1 trident of venom!
* * * LOW HITPOINT WARNING * * *
You are lethally poisoned!
The minotaur gores you!
You die...
Fedhas appreciates your contribution to the ecosystem.

##..########
#≈..#...+..+
##..#...+..+
#####§..#[.##++# ###
##..###..#(.+...+ ...
...##≈..#©.+...#
##.##.###..###..#..+...+
#8......H..##≈..#}.##++#
#.....#@#..###..#w..+..+
##### #.#.§§.#..#w..+..+
=8.8P...#§§§©#..########
.((H§.###§§§§#..........
/8.8...H#§§§.#.∩........
##### #.#§§§§#..########
#.....#.#§§§.#..###.....
#8....PPHP.###..####.##.
##.##.###..##≈..#....##.


You could see a minotaur.

Vanquished Creatures
  7 hydras
  A boulder beetle (D:11)
  2 centaur warriors (D:8)
  4 death yaks (Lair:3)
  4 two-headed ogres
  Nergalle (D:10)
  3 sixfirhies (Gauntlet)
  A skeletal warrior (D:12)
  An orc knight (Bailey)
  An ugly thing (IceCv)
  A cyclops (D:8)
  5 elephants (Lair:2)
  A black mamba (Lair:1)
  A rust devil (Gauntlet)
  3 cane toads
  2 ice statues (IceCv)
  4 komodo dragons
  A tengu conjurer (D:8)
  2 anaconda simulacra (IceCv)
  A freezing wraith (D:11)
  An entropy weaver simulacrum (IceCv)
  2 ice devils (D:11)
  5 trolls
  A polar bear (Lair:1)
  A slime creature (D:8)
  Prince Ribbit (Lair:2)
  5 blink frogs
  A ynoxinul (Gauntlet)
  3 wraiths
  3 wyverns
  Eustachio (D:6)
  A hog (shapeshifter) (Gauntlet)
  A basilisk (Lair:1)
  24 yaks
  4 steam dragons
  7 vampire mosquitoes
  Grum (Lair:1)
  A death yak simulacrum (IceCv)
  Menkaure (D:6)
  2 acid dragons
  6 water moccasins
  Duvessa (D:6)
  4 ice beasts
  2 sky beasts
  4 orc warriors
  2 black bears
  2 wolves (Lair:1)
  2 ogres
  3 centaurs
  Blork the orc (D:6)
  2 kobold brigands
  7 bullfrogs
  3 wyvern zombies
  2 scorpions
  2 cane toad simulacra (IceCv)
  9 killer bees
  Dowan (D:6)
  An elephant simulacrum (IceCv)
  2 wights (D:8)
  2 electric eels (Lair:3)
  2 howler monkeys
  A crimson imp (D:9)
  3 centaur zombies
  A jelly (D:4)
  2 hounds
  5 orc priests
  2 centaur skeletons
  3 bullfrog skeletons
  3 iron imps (Gauntlet)
  An iguana (D:3)
  5 orc wizards
  A scorpion zombie (D:5)
  9 gnolls
  A howler monkey skeleton (D:4)
  9 adders
  2 white imps
  An ufetubus (D:6)
  An adder zombie (D:5)
  2 adder skeletons (D:4)
  3 worms
  30 orcs
  4 bats (D:1)
  3 endoplasms
  3 giant cockroaches
  11 goblins
  6 hobgoblins
  25 kobolds
  3 quokkas
  6 ball pythons
  4 frilled lizards
  A rat (D:3)
323 creatures vanquished.

Vanquished Creatures (collateral kills)
  A sixfirhy (Gauntlet)
  An ugly thing (IceCv)
  An ice statue (IceCv)
  A harpy simulacrum (IceCv)
  8 ballistomycete spores
12 creatures vanquished.

Vanquished Creatures (others)
  A fungus (Lair:1)
  12 plants
13 creatures vanquished.

Grand Total: 348 creatures vanquished

Notes
Turn   | Place    | Note
-------+----------+-------------------------------------------
     0 | D:1      | AarnesTheHuman the Formicid Fighter began the quest for the
                  | Orb.
     0 | D:1      | Reached XP level 1. HP: 18/18 MP: 1/1
   217 | D:1      | Reached XP level 2. HP: 15/24 MP: 2/2
   440 | D:1      | Found a faded altar of an unknown god.
  1220 | D:2      | Reached XP level 3. HP: 21/29 MP: 3/3
  1515 | D:2      | Found a runed translucent door.
  1516 | D:2      | Noticed Crazy Yiuf
  1830 | D:2      | Reached XP level 4. HP: 30/37 MP: 4/4
  3053 | D:3      | Noticed a scorpion
  3071 | D:3      | Killed a scorpion
  3072 | D:3      | Reached XP level 5. HP: 38/42 MP: 5/5
  3595 | D:4      | Noticed an ogre
  4081 | D:3      | Killed an ogre
  4082 | D:3      | Reached skill level 5 in Shields
  4082 | D:3      | Reached XP level 6. HP: 19/49 MP: 6/6
  4539 | D:4      | Noticed a black bear
  4582 | D:3      | Killed a black bear
  4583 | D:3      | Reached skill level 5 in Fighting
  4583 | D:3      | Reached skill level 5 in Armour
  4583 | D:3      | Reached XP level 7. HP: 20/56 MP: 7/7
  4987 | D:5      | Entered Level 5 of the Dungeon
  5175 | D:5      | Found a staircase to the Ecumenical Temple.
  5187 | Temple   | Entered the Ecumenical Temple
  5440 | Temple   | Became a worshipper of Fedhas Madash
  5633 | D:5      | Found a hide-covered altar of Uskayaw.
  6021 | D:5      | Reached skill level 1 in Invocations
  6128 | D:5      | Reached skill level 1 in Crossbows
  6261 | D:5      | Reached XP level 8. HP: 64/64 MP: 9/9
  7368 | D:6      | Noticed Blork the orc
  7382 | D:6      | Killed Blork the orc
  7704 | D:6      | Noticed Dowan
  7756 | D:6      | Killed Dowan
  7846 | D:6      | Noticed Menkaure
  7851 | D:6      | Killed Menkaure
  7851 | D:6      | Reached * piety under Fedhas
  7987 | D:6      | Noticed Eustachio
  8061 | D:6      | Killed Eustachio
  8062 | D:6      | Reached skill level 1 in Polearms
  8062 | D:6      | Reached XP level 9. HP: 59/69 MP: 11/11
  8470 | D:6      | Noticed Duvessa
  8479 | D:6      | Killed Duvessa
  9405 | D:7      | Found a stormy altar of Qazlal.
 10693 | D:8      | Reached ** piety under Fedhas
 10888 | D:8      | Reached skill level 5 in Crossbows
 10893 | D:7      | Reached skill level 5 in Invocations
 11047 | D:7      | Reached XP level 10. HP: 71/79 MP: 10/13
 11233 | D:7      | Reached skill level 5 in Polearms
 11760 | D:8      | Noticed a centaur warrior
 11760 | D:8      | Noticed a centaur warrior
 11780 | D:8      | Killed a centaur warrior
 11789 | D:8      | Killed a centaur warrior
 11997 | D:8      | Noticed a cyclops
 12209 | D:8      | Killed a cyclops
 12306 | D:8      | Reached XP level 11. HP: 74/86 MP: 13/16
 12555 | D:8      | Reached *** piety under Fedhas
 12839 | D:8      | Identified the +7 lajatang of the Sea {vorpal, Contam rElec
                  | rN+ Str+3}
 12899 | D:8      | Identified the +2 ring mail "Fumeilotua" {+Inv Dex+2}
 13155 | D:8      | Found Tunlobad's Assorted Antiques.
 13163 | D:8      | Bought a scroll of identify for 46 gold pieces
 13163 | D:8      | Bought a puce potion for 20 gold pieces
 13179 | D:8      | Found a shimmering altar of Xom.
 13823 | D:9      | Found a radiant altar of Vehumet.
 13824 | D:9      | Found a burning altar of Makhleb.
 14948 | D:9      | Found an ornate altar of the Wu Jian Council.
 15364 | D:10     | Entered Level 10 of the Dungeon
 15365 | D:10     | Identified the +7 plate armour of the Armoured One {Harm
                  | rF+ rC- Str+3}
 15832 | D:10     | Noticed Nergalle
 15841 | D:10     | Killed Nergalle
 15842 | D:10     | Reached skill level 5 in Staves
 15851 | D:10     | Found a shadowy altar of Dithmenos.
 15858 | D:10     | Found a basalt altar of Yredelemnul.
 16199 | D:10     | Found a staircase to the Orcish Mines.
 16220 | D:10     | Noticed a two-headed ogre
 16232 | D:10     | Killed a two-headed ogre
 16523 | D:11     | Reached XP level 12. HP: 67/95 MP: 12/18
 16647 | D:11     | Noticed a two-headed ogre
 16657 | D:10     | Killed a two-headed ogre
 16835 | D:11     | Found a staircase to the Lair.
 17015 | D:11     | Found an opulent altar of Gozag.
 17024 | D:11     | Found an opulent altar of Gozag.
 17029 | D:11     | Found an opulent altar of Gozag.
 17061 | D:11     | Found a frozen archway.
 17080 | IceCv    | Entered an ice cave
 17090 | IceCv    | Reached **** piety under Fedhas
 17394 | IceCv    | Identified the +2 pair of gloves of Beogh's Generosity {rF+
                  | Int+3}
 18718 | D:11     | Noticed a seven-headed hydra
 18729 | D:11     | Killed a two-headed hydra
 18730 | D:11     | Reached skill level 10 in Fighting
 19125 | D:11     | Found an opulent altar of Gozag.
 19233 | D:12     | Noticed a boulder beetle
 19244 | D:11     | Killed a boulder beetle
 19427 | D:12     | Found a flagged portal.
 19444 | Bailey   | Entered a bailey
 19590 | Bailey   | Reached XP level 13. HP: 103/103 MP: 20/20
 19862 | Bailey   | Found a bloodstained altar of Trog.
 19867 | Bailey   | Identified the +0 pair of gloves "Tic Wes" {Str+6}
 20022 | D:12     | Noticed a five-headed hydra
 20029 | D:12     | Killed a one-headed hydra
 20281 | D:12     | Reached skill level 10 in Invocations
 20283 | D:12     | Noticed a seven-headed hydra
 20325 | D:11     | Killed a two-headed hydra
 20362 | Lair:1   | Entered Level 1 of the Lair of Beasts
 20441 | Lair:1   | Noticed a six-headed hydra
 20457 | Lair:1   | Killed a two-headed hydra
 20488 | Lair:1   | Noticed Grum
 20495 | Lair:1   | Killed Grum
 20562 | Lair:1   | Noticed a five-headed hydra
 20569 | Lair:1   | Killed a two-headed hydra
 20752 | Lair:1   | Noticed an eight-headed hydra
 20760 | Lair:1   | Killed a three-headed hydra
 21017 | Lair:1   | Reached ***** piety under Fedhas
 21099 | Lair:1   | Noticed an eight-headed hydra
 21108 | Lair:1   | Killed a four-headed hydra
 21109 | Lair:1   | Reached skill level 10 in Staves
 22551 | Lair:2   | Reached skill level 10 in Armour
 23566 | Lair:3   | Noticed Prince Ribbit
 23573 | Lair:2   | Killed Prince Ribbit
 23619 | Lair:3   | Reached XP level 14. HP: 113/113 MP: 21/21
 24029 | Lair:4   | Found a gate leading to a gauntlet.
 24036 | Gauntlet | Entered a Gauntlet
 24036 | Gauntlet | Found a transporter.
 24036 | Gauntlet | Found a transporter.
 24037 | Gauntlet | Found a transporter.
 24060 | Gauntlet | Found a transporter.
 24070 | Gauntlet | Found a transporter.
 24072 | Gauntlet | Found a transporter.
 24074 | Gauntlet | Found a large runed translucent door.
 24075 | Gauntlet | Found a large runed translucent door.
 24076 | Gauntlet | Found a large runed translucent door.
 24076 | Gauntlet | Found a large runed translucent door.
 24076 | Gauntlet | Found a runed translucent door.
 24077 | Gauntlet | Found a large runed translucent door.
 24078 | Gauntlet | Found a large runed translucent door.
 24079 | Gauntlet | Found a large runed translucent door.
 24079 | Gauntlet | Found a large runed translucent door.
 24080 | Gauntlet | Found a runed translucent gate.
 24080 | Gauntlet | Found a runed translucent gate.
 24082 | Gauntlet | Found a transporter.
 24091 | Gauntlet | Found a runed translucent gate.
 24092 | Gauntlet | Found a large runed translucent door.
 24093 | Gauntlet | Found a large runed translucent door.
 24094 | Gauntlet | Found a large runed translucent door.
 24102 | Gauntlet | Found a transporter.
 24120 | Gauntlet | Found a transporter.
 24121 | Gauntlet | Found a transporter.
 24128 | Gauntlet | Found a transporter.
 24131 | Gauntlet | Found a transporter.
 24171 | Gauntlet | Found a large runed translucent door.
 24172 | Gauntlet | Found a large runed translucent door.
 24173 | Gauntlet | Found a large runed translucent door.
 24173 | Gauntlet | Found a large runed translucent door.
 24173 | Gauntlet | Found a runed translucent door.
 24174 | Gauntlet | Found a large runed translucent door.
 24261 | Gauntlet | Identified the amulet "Esomn" {Faith Str+2 Int+4}
 24284 | Gauntlet | Identified the ring of Bafustriss {+Blink Int+6}
 24297 | Gauntlet | Reached skill level 10 in Crossbows
 24378 | Gauntlet | Noticed a minotaur
 24392 | Gauntlet | HP: 2/114 [minotaur/silver javelin (7)]
 24415 | Gauntlet | HP: 1/114 [minotaur (17)]
 24415 | Gauntlet | Mangled by a minotaur

Illustrated notes

Levels and vault maps discovered:
D:1:      minmay_arrival_radiant_lines, layout_basic,
          hellmonk_ecumenical_altar_zigzags, amcnicky_mini_corridor_feature
D:2:      layout_loops_ring, uniq_crazy_yiuf_cottage
D:3:      layout_basic, st_stairs_5, minmay_misc_feat_secret_circle
D:4:      layout_cave_pools, st_stairs_11, nicolae_figureground_pulse
D:5:      layout_cave_pods, eat_drink_and_be_merry_uskayaw,
          minmay_temple_entry_antechambers, st_stairs_1,
          chequers_serial_rivers_room_b
D:6:      layout_loops_ring, uniq_blork_the_orc, uniq_duvessa, uniq_menkaure,
          uniq_eustachio
D:7:      layout_layer_cave, nicolae_qazlal_general_emergency
D:8:      minmay_the_grid_plus_closed [minmay_the_grid_expand,
          minmay_the_grid_box_x, minmay_the_grid_plusring,
          minmay_the_grid_minigrid_medium, minmay_the_grid_prize_trominoes],
          layout_basic, tgw_xom, serial_shops, shop
D:9:      layout_basic, grunt_temple_overflow_lords_of_destruction,
          lemuel_round_altar
D:10:     layout_gridville, mainiacjoe_overflow_catwalk_spiral, uniq_nergalle
D:11:     minmay_separated_statues, layout_irregular_city, dpeg_oklobed_lair,
          portal_ice_cave_demonic_guard, minivault_21,
          nicolae_gozag_conspicuous_consumption
D:12:     layout_long_grid, enter_bailey_5, minmay_shattered_shrine,
          uniq_frances
Temple:   dpeg_chambers_temple
Lair:1:   layout_roguey, uniq_grum
Lair:2:   layout_regular_city, small_statue_intersection
Lair:3:   layout_regular_city, lemuel_fruit_tree, grunt_megastairs_5,
          serial_bayou_shore_a, infiniplex_staircase_pool, serial_bayou_shore_b,
          uniq_prince_ribbit2
Lair:4:   layout_gridlike, minmay_shoals_entry_centaurs,
          spider_nest_entry_web_field, gauntlet_entry_generic,
          grunt_megastairs_4
Gauntlet: minmay_gauntlet_mixed_big_or_small [gammafunk_gauntlet_arena_crates,
          minmay_gauntlet_arena_77_terracotta_army,
          nicolae_gauntlet_arena_flowing_pool,
          minmay_gauntlet_arena_77_broken_ladder,
          minmay_gauntlet_arena_make_your_own_arena,
          minmay_gauntlet_arena_77_p_blocks,
          nicolae_gauntlet_exit_dead_adventurers]

Skill      XL: |  1  2  3  4  5  6  7  8  9 10 11 12 13 14 |
---------------+-------------------------------------------+-----
Shields        | 4 5 6 7 8 9 |  9.0
Fighting       | 4 5 6 7 8 9 10 11 | 11.7
Armour         | 4 5 6 7 8 10 | 10.5
Staves         | 3 5 8 10 11 | 11.2
Invocations    | 2 3 5 6 8 9 10 | 10.0
Crossbows      | 1 3 5 6 7 8 9 10 | 10.0
Polearms       | 1 4 6 7 |  7.2

Action                   |  1- 3 |  4- 6 |  7- 9 | 10-12 | 13-15 || total
-------------------------+-------+-------+-------+-------+-------++-------
Melee: Quarterstaff      |    99 |    30 |       |       |       ||   129
       Dagger            |       |    72 |   200 |       |       ||   272
       Halberd           |       |       |   144 |   140 |    44 ||   328
       Lajatang          |       |       |       |   315 |   223 ||   538
       Staff             |       |       |       |    45 |       ||    45
 Fire: Hand crossbow     |       |       |    43 |   131 |    56 ||   230
Throw: Stone             |     3 |     5 |     1 |       |       ||     9
       Dart              |       |       |     4 |    25 |    30 ||    59
       Throwing net      |       |       |       |     1 |       ||     1
Invok: Wall of Briars    |       |       |       |     3 |     1 ||     4
       Overgrow          |       |       |       |     1 |     2 ||     3
       Grow Ballistomyce |       |       |       |       |     3 ||     3
 Abil: Dig               |       |       |     1 |     4 |     1 ||     6
  Use: Scroll            |       |     5 |    10 |     9 |     9 ||    33
       Potion            |       |       |       |     4 |     3 ||     7
 Stab: Fleeing           |       |       |       |       |     1 ||     1
Armor: Scale mail        |    29 |       |       |       |       ||    29
       Chain mail        |    14 |    38 |   194 |   197 |   132 ||   575
Dodge: Dodged            |    47 |    41 |   121 |   210 |    77 ||   496
Block: Buckler           |    20 |     9 |    25 |       |       ||    54
       Kite shield       |       |       |   131 |   284 |   141 ||   556

Table legend: (Time is in decaauts)
 A = Elapsed time spent in this place.
 B = Non-inter-level travel time spent in this place.
 C = Inter-level travel time spent in this place.
 D = Time resting spent in this place.
 E = Time spent auto-exploring this place.
 F = Levels seen in this place.
 G = Mean time per level.
                   A        B        C        D        E       F      G
               +--------+--------+--------+--------+--------+-----+--------+
         Total |  24573 |  22599 |   1974 |   6973 |   9203 |  20 | 1228.7 |
       Dungeon |  18382 |  16845 |   1537 |   5002 |   7503 |  12 | 1531.8 |
        Temple |    280 |    206 |     74 |      0 |    192 |   1 |  280.0 |
          Lair |   3665 |   3302 |    363 |    710 |   1403 |   4 |  916.2 |
        Bailey |    444 |    444 |      0 |    200 |      0 |   1 |  444.0 |
      Ice Cave |   1428 |   1428 |      0 |   1033 |      0 |   1 | 1428.0 |
      Gauntlet |    373 |    373 |      0 |     28 |    105 |   1 |  373.0 |
               +--------+--------+--------+--------+--------+-----+--------+

Top non-repeatable levels by time:
     D:7: 2444 daAuts
     D:8: 2256 daAuts
     D:9: 1805 daAuts
     D:5: 1794 daAuts
     D:3: 1765 daAuts
     D:6: 1543 daAuts
   IceCv: 1428 daAuts
  Lair:2: 1397 daAuts
     D:2: 1386 daAuts
    D:11: 1362 daAuts
  Lair:3: 1301 daAuts
     D:4: 1202 daAuts
     D:1: 1167 daAuts
    D:10: 1140 daAuts
  Lair:1: 929 daAuts
